maxine, chaotic female human Rogue ----- --.|..- -......- .......- |.......| ---- -....... |..|--- |........ -- --..|..| --....... --- .--- |......--- |.........- --.-- ----...| |-...|...| |..........--...------.|....| |..----..| |............(.@G..........- |..| --.-- |.. ---.Z...............| ------..-- --- --.....---.|.....-- --....| --....| --|.....-- |.....| --..#- ---....-- |....-- |..|# |......| |...---------------####--#-----.---..| |...................).).)....%..| --- ---.----------------------#--#--- --- ## ##` maxine the Cutpurse Experience level: 5 Strength: 13 Dexterity: 18 Constitution: 15 Intelligence: 12 Wisdom: 10 Charisma: 8 Health: 0(33) Energy: 21(21) Def: 4 Gold: 0 Moves: 2154 Dungeon seed: jGXWLyT90gBwOtd7 Game ID: maxine_1533296824 Your Inventory: Weapons a - an uncursed +0 short sword (weapon in hand) b - 6 uncursed +0 daggers A - 5 cursed -1 daggers D - 7 uncursed +0 daggers (in quiver) Armor e - an uncursed +1 leather armor (being worn) r - an uncursed +0 orcish helm (being worn) G - an uncursed +0 dwarvish cloak (being worn) M - an uncursed +0 dwarvish cloak O - an uncursed +0 pair of iron shoes S - an uncursed +1 pair of iron shoes T - an uncursed +0 dwarvish iron helm U - a cursed -2 dwarvish roundshield Comestibles L - an uncursed tin of rabid rat meat Scrolls Q - 3 uncursed scrolls of blank paper R - a blessed scroll of blank paper Spellbooks J - an uncursed spellbook of knock Wands I - an uncursed wand of lightning (0:3) Tools g - an uncursed blindfold k - an uncursed skeleton key o - an uncursed magic whistle x - an uncursed stethoscope B - an uncursed sack C - 2 uncursed tallow candles (0:200) E - 7 blessed wax candles (0:400) K - a cursed wax candle (0:400) P - an uncursed +0 pick-axe Gems n - 3 uncursed worthless pieces of blue glass q - an uncursed worthless piece of red glass y - an uncursed worthless piece of white glass z - 2 uncursed chrysoberyl stones N - an uncursed worthless piece of green glass V - an uncursed worthless piece of yellow glass Y - an uncursed worthless piece of yellowish brown glass Contents of the sack: 566 gold pieces an uncursed scroll of enchant armor an uncursed scroll of punishment an uncursed potion of gain energy an uncursed potion of invisibility an uncursed potion of monster detection an uncursed potion of sickness an uncursed potion of water an uncursed lock pick an uncursed mirror Spells and supernatural/magical abilities: Name Level Category Fail Memory W - pray for help -- divine ? -- Your skills at the end: Fighting Skills Weapon Skills dagger [Basic] short sword [Basic] Spellcasting Skills Final Attributes: You were piously aligned. You were stealthy. You are dead. Vanquished creatures: a shrieker 2 gnome lords a gnomish wizard a paper golem 5 dwarves a giant bat an orc zombie 2 giant rats a brown mold a yellow mold 10 gnomes 2 jackals 2 foxes 2 goblins a sewer rat 2 grid bugs 4 lichens 4 newts 43 creatures vanquished. Voluntary challenges: You were an atheist. You used a wielded weapon 57 times, starting on turn 51. You read items or engraved 1 time, starting on turn 1911. You never genocided any monsters. You never polymorphed an object. You never changed form. You used no wishes. You never split a pudding. You wrote Elbereth's name 1 time, starting on turn 1911. You never violated your personal moral code. Dungeon overview: The Dungeons of Doom: levels 1 to 5 Level 1 some fountains a long staircase Level 2 a hardware shop Level 3 an armor shop, some fountains Level 4 stairs to The Gnomish Mines Level 5 The Gnomish Mines: levels 5 to 7 Level 5 stairs to The Dungeons of Doom Level 6 Level 7 <- You were here History has recorded: On T:1 you entered the Dungeons of Doom to retrieve the Amulet of Yendor! On T:215 you reached level 2 of The Dungeons of Doom. On T:343 you advanced to experience level 2. On T:656 you reached level 3 of The Dungeons of Doom. On T:914 you advanced to experience level 3. On T:942 you reached level 4 of The Dungeons of Doom. On T:1324 you reached level 5 of The Dungeons of Doom. On T:1395 you reached level 1 of The Gnomish Mines. On T:1408 you advanced to experience level 4. On T:1438 you reached level 2 of The Gnomish Mines. On T:1810 you reached level 3 of The Gnomish Mines. On T:2019 you advanced to experience level 5. Score breakdown: Gold: 566 ( 9366 points) Experience: 5 levels (11141 points) Exploration: 7 levels ( 13.21%) (10190 points) Discoveries: 6 items ( 2.01%) ( 4256 points) Valuables value: (no points given unless you survive) Artifact value: 0 ( 0 points) Variety of kills: 18 monsters ( 4.72%) ( 6520 points) Turncount: 2154 turns ( -110 points) Survival: died (score multiplied by 80%) Total score: 33090 Latest messages: You miss the ghoul. The ghoul hits! (2x) You hit the ghoul! You miss the ghoul. The ghoul hits! The ghoul just misses! You hit the ghoul. The ghoul hits! (2x) You hit the ghoul! You hit the ghoul. The ghoul hits! You are frozen by the ghoul! The ghoul misses. The ghoul hits! (2x) The gnome wields a thonged club! The gnome swings his thonged club. The gnome hits! The gnome swings his thonged club. The gnome hits! The gnome swings his thonged club. The gnome hits! You die... Final status: Goodbye maxine the Rogue, killed by a gnome, while paralyzed by a monster's touch... You died in The Gnomish Mines on dungeon level 7 with 33090 points, and 566 pieces of gold, after 2154 moves. You were level 5 with a maximum of 33 hit points when you died.